 Dungeon Crawl Stone Soup version 0.29.0-15-g675c0067aa (webtiles) character file.

Game seed: 3658423740573839729

1 qw the Sneak (level 1, 0/14 HPs)
             Began as a Gargoyle Delver on Sept 11, 2022.
             Slain by a quokka (4 damage)
             ... on level 3 of the Dungeon.
             The game lasted 00:00:01 (95 turns).

qw the Sneak (Gargoyle Delver)                        Turns: 95, Time: 00:00:02

Health: 0/14       AC:  5    Str: 15    XL:     1   Next: 20%
Magic:  1/1        EV: 11    Int: 10    God:
Gold:   8          SH:  0    Dex: 11    Spells: 0/0 levels left

rFire   . . .      SeeInvis .   a - +0 hand axe
rCold   . . .      Faith    .   (no shield)
rNeg    + . .      Spirit   .   b - +0 leather armour
rPois   inf        Reflect  .   (no helmet)
rElec   +          Harm     .   (no cloak)
rCorr   .          Rampage  .   (no gloves)
Will    .....                   (no boots)
Stlth   +++.......              (no amulet)
HPRegen 0.04/turn               (no ring)
MPRegen 0.07/turn               (no ring)

@: no status effects
A: sickness immunity, AC +2, negative energy resistance 1, electricity
resistance, torment resistance 1, petrification resistance
a: no special abilities


You were on level 3 of the Dungeon.
You visited 1 branch of the dungeon, and saw 3 of its levels.

You collected 8 gold pieces.


Innate Abilities, Weirdness & Mutations

You are immune to sickness and miasma.
Your stone body is resilient. (AC +2)
You are immune to poison.
You resist negative energy. (rN+)
You are resistant to electric shocks. (rElec)
You are resistant to unholy torment.
You are immune to petrification.


   Skills:
 - Level 3.2 Fighting
 + Level 1.9 Axes
 - Level 1.5 Dodging
 - Level 5.4 Stealth


You couldn't memorise any spells.
You didn't know any spells.
Your spell library was empty.

Inventory:

Hand Weapons
 a - a +0 hand axe (weapon)
Armour
 b - a +0 leather armour (worn)
Wands
 g - a wand of digging (3)
Potions
 c - a potion of curing {unknown}
 f - a potion of haste

Dungeon Overview and Level Annotations

Branches:
Dungeon (5/15)
 Temple: D:4-7

Altars:


Message History

(2) D:5 Assign waypoint to what number? (0-9, D - delete waypoint) Waypoint 1 assigned to D:4.
Found 3 stones.
You see here 3 stones.
Found 6 stones.
c - a glowing dark potion
Enter note:
Found a stone staircase leading up.
Enter note:
(D) Dungeon
Where to? (* - list waypoints, Enter - D:4, ? - help)
What level of the Dungeon? (default 1, ? - help)
There is a stone staircase leading up here.
You climb upwards.
Found three items.
There is a stone staircase leading down here.
There are monsters nearby!
Existing waypoints: (1) D:4 (2) D:5 Assign waypoint to what number? (0-9, D - delete waypoint) Waypoint 2 re-assigned from D:5 to D:3.
Enter note: The helpless endoplasm fails to defend itself.
You hit the endoplasm but do no damage. The endoplasm closely misses you.
You hit the endoplasm but do no damage. The endoplasm freezes you.
You are frozen.
You hit the endoplasm.
The endoplasm is severely wounded.
The endoplasm freezes you.
You are frozen.
An orc comes into view. It is wielding a +0 whip.
90 ||| Stepping ~*~*~tactically~*~*~ (stealth).
You hit the endoplasm.
You kill the endoplasm!
You hit the quokka but do no damage. The quokka bites you.
You die...

.. #####..
......? .....#
.....#
###.....#
#@#...J.##
#r>.......
#.......##
.........#
...........#
o..............
..g..........##
..$......!...#
#.............


You could see a quokka.

Vanquished Creatures
  An endoplasm (D:3)
1 creature vanquished.

Notes
Turn   | Place    | Note
-------+----------+-------------------------------------------
     0 | D:5      | qw the Gargoyle Delver began the quest for the Orb.
     0 | D:5      | Reached XP level 1. HP: 14/14 MP: 1/1
     0 | D:5      | 0 ||| qw: Version: 0.1-a-117-gfe26ee0
     0 | D:5      | 0 ||| qw: Game counter: 10144
     0 | D:5      | 0 ||| qw: Always use a shield: true
     0 | D:5      | 0 ||| qw: God list: Okawaru
     0 | D:5      | 0 ||| qw: Allow faded altars: false
     0 | D:5      | 0 ||| qw: Do Orc after D:15 true
     0 | D:5      | 0 ||| qw: Do second Lair branch before Depths: true
     0 | D:5      | 0 ||| qw: Lair rune preference: random
     0 | D:5      | 0 ||| qw: Plans: Normal
     0 | D:5      | 0 ||| PLANNING D:1-11
    30 | D:5      | 30 ||| DROPPING scroll of fog.
    31 | D:5      | 31 ||| DROPPING scroll of magic mapping.
    32 | D:5      | 32 ||| DROPPING scroll of fear.
    90 | D:3      | 90 ||| Stepping ~*~*~tactically~*~*~ (stealth).
    95 | D:3      | Slain by a quokka

Levels and vault maps discovered:
D:3:      layout_rooms, nicolae_dithmenos_the_darkroom, serial_shops, shop,
          minmay_diced_spiral, uniq_ijyb, uniq_sigmund, uniq_terence, uniq_robin
D:4:      layout_basic, minmay_temple_entry_enclosed_plants, lightli_minifort
D:5:      layout_loops_ring, nicolae_grassy_gnolls, uniq_eustachio, uniq_grinder

Action                   || total
-------------------------++-------
Melee: Hand axe          ||     5
 Stab: Sleeping          ||     1
Dodge: Dodged            ||     1

Table legend:
 A = Non-vault XP
 B = Vault XP
 C = Vault XP percentage of total XP
 D = Non-vault monster count
 E = Vault monster count
 F = Vault count percentage of total count
                 A         B        C        D         E       F
            +---------+---------+-------+---------+---------+-------
      Total |       2 |       0 |   0.0 |       1 |       0 |   0.0
            +---------+---------+-------+---------+---------+-------
        D:3 |       2 |       0 |   0.0 |       1 |       0 |   0.0
            +---------+---------+-------+---------+---------+-------
